 Dungeon Crawl Stone Soup version 0.32-a0-933-ga8fa3634e4 (webtiles) character file.

Game seed: 7914978186328549222

92 KennySheep the Sneak (level 4, -13/51 HPs)
             Began as a Formicid Brigand on Apr 15, 2024.
             Was an Initiate of Sif Muna.
             Blown up by Ijyb (14 damage)
             ... with a mindburst bolt
             ... on level 3 of the Dungeon.
             The game lasted 00:07:21 (1898 turns).

KennySheep the Sneak (Formicid Brigand)             Turns: 1898, Time: 00:07:22

Health: -13/51     AC: 22    Str: 16    XL:     4   Next: 90%
Magic:  4/4        EV:  2    Int: 10    God:    Sif Muna [......]
Gold:   154        SH:  0    Dex: 17    Spells: 0/3 levels left

rFire   . . .        a - +2 dagger
rCold   . . .        (no shield)
rNeg    . . .        b - melded +0 robe
rPois   +            (helmet unavailable)
rElec   .            c - melded +0 cloak
rCorr   .            (gloves currently unavailable)
SInv    .            (boots currently unavailable)
Will    .....        (no amulet)
Stlth   +++          (no ring)
HPRegen 0.28/turn    (no ring)
MPRegen 0.09/turn

%: no passive effects
@: tree-form
A: stationary, stasis, torment immunity, boosted hp, permanent stasis, dig
shafts and tunnels, (antennae 3), four strong arms, devolution 1
a: Renounce Religion


You were on level 3 of the Dungeon.
You worshipped Sif Muna.
Sif Muna was noncommittal.
You were a tree.
You visited 1 branch of the dungeon, and saw 3 of its levels.

You collected 154 gold pieces.

Inventory:

Hand Weapons
 a - a +2 dagger (weapon)
Missiles
 d - 16 poisoned darts
 e - 2 curare-tipped darts (quivered)
Armour
 b - a +0 robe (melded)
 c - a +0 cloak (melded)
Scrolls
 h - a scroll of immolation
 i - a scroll of identify
 j - a scroll of noise
 k - a scroll of amnesia {unknown}
 m - a scroll of fog {unknown}


   Skills:
 + Level 2.8 Fighting
 + Level 3.0 Short Blades
 - Level 2.0 Throwing
 + Level 1.6 Dodging
 + Level 5.8 Stealth
 * Level 0.4 Spellcasting
 * Level 0.0 Hexes
 + Level 0.2 Invocations


You couldn't memorise any spells.
You knew the following spells:

 Your Spells              Type           Power      Damage    Failure   Level
a - Tukima's Dance        Hex            0%         N/A       73%         3

Your spell library contained the following spells:

 Spells                   Type           Power      Damage    Failure   Level
 Dimensional Bullseye     Hex/Tloc       0%         N/A       98%         4
 Iskenderun's Mystic Bla Conj/Tloc 0%             2d3        (+2d1     98%         4


Dungeon Overview and Level Annotations

Branches:
Dungeon (3/15)

Altars:
Sif Muna

Annotations:
D:3 Ijyb


Innate Abilities, Weirdness & Mutations

You are a tree.
Your roots penetrate the ground, keeping you stationary.
You cannot be teleported.
You are immune to unholy pain and torment.
Your maximum health is greatly increased.
Your equipment is partially melded.
You cannot be hasted, slowed, berserked, paralysed or teleported.
You can dig through walls and to a lower floor.
((You have a pair of large antennae on your head. (SInv)))
Your four strong arms can wield two-handed weapons with a shield.
You have hidden genetic defects.


Message History

You writhe in agony.
* * * LOW HITPOINT WARNING * * *
You hit Ijyb but do no damage.
Ijyb is moderately wounded.
Ijyb zaps a wand.
You barely resist. You barely miss Ijyb.
Ijyb is moderately wounded.
Ijyb hits you but does no damage.
You hit Ijyb.
Ijyb is moderately wounded.
Ijyb zaps a wand.
Your mind is blasted!
* * * LOW HITPOINT WARNING * * *
You hit Ijyb but do no damage.
Ijyb is moderately wounded.
Ijyb hits you but does no damage.
You writhe in agony.
* * * LOW HITPOINT WARNING * * *
You hit Ijyb.
Ijyb is heavily wounded.
You hit Ijyb.
Ijyb is heavily wounded.
Ijyb hits you but does no damage.
You hit Ijyb.
Ijyb is severely wounded.
Ijyb zaps a wand.
Your mind is blasted!
* * * LOW HITPOINT WARNING * * *
You barely miss Ijyb.
Ijyb is severely wounded.
Ijyb hits you but does no damage.
You barely miss Ijyb.
Ijyb is severely wounded.
Ijyb hits you but does no damage.
You hit Ijyb but do no damage.
Ijyb is severely wounded.
Ijyb zaps a wand.
Your mind is blasted!
* * * LOW HITPOINT WARNING * * *
You hit Ijyb but do no damage.
Ijyb is severely wounded.
Ijyb zaps a wand.
Your mind is blasted!
You die...
Ijyb screams, "Time for next experiment!"

#.#...###.###...
....#..$...#..#
#.#.#.###.#..#
##.$....#.....
#...###.#..S..
#.....#....... ###
#.###.#....{..
.....######...#..?......
#.....♣g.)...#.###....
...##########...<#.....
##.........# #.#####.###
#g# ..# ##.# ..# #..


You could see Ijyb.

Vanquished Creatures
  5 adders
  A dart slug (D:1)
  2 ribbon worms
  4 ball pythons
  6 endoplasms
  2 giant cockroaches (D:1)
  2 hobgoblins (D:2)
  4 jackals (D:1)
  A quokka (D:2)
  A frilled lizard (D:2)
  3 goblins
  3 kobolds
  6 rats
40 creatures vanquished.

Notes
Turn   | Place    | Note
-------+----------+-------------------------------------------
     0 | D:1      | KennySheep the Formicid Brigand began the quest for the
                  | Orb.
     0 | D:1      | Reached XP level 1. HP: 16/16 MP: 1/1
    52 | D:1      | Reached skill level 1 in Dodging
    71 | D:1      | Reached skill level 5 in Stealth
    71 | D:1      | Reached XP level 2. HP: 22/22 MP: 2/2
   214 | D:1      | Found a faded altar of an unknown god.
   599 | D:2      | Reached XP level 3. HP: 28/28 MP: 3/3
   829 | D:2      | Reached XP level 4. HP: 34/34 MP: 4/4
  1453 | D:2      | Found a shimmering blue altar of Sif Muna.
  1502 | D:2      | Became a worshipper of Sif Muna the Loreminder
  1560 | D:3      | Learned a level 3 spell: Tukima's Dance
  1750 | D:3      | Noticed Ijyb
  1878 | D:3      | Gained mutation: You have hidden genetic defects. [potion
                  | of mutation]
  1894 | D:3      | HP: 2/51 [disintegration (2)]
  1898 | D:3      | Blown up by Ijyb

Illustrated notes

Levels and vault maps discovered:
D:1:      dpeg_arrival_prison, layout_rooms, ebering_ecumenical_altar_mist
D:2:      layout_basic, basic_altar
D:3:      layout_loops_ring, grunt_nemelex_the_gamble, fedhas_altar_1,
          serial_shops, nicolae_shop_waterfront, hangedman_abyss_or_decor_stabs,
          uniq_ijyb

Skill      XL: |  1  2  3  4 |
---------------+-------------+-----
Dodging        | 1 |  1.6
Stealth        | 5 |  5.8
Short Blades   | 3 |  3.0
Fighting       | |  2.8
Throwing       | |  2.0
Spellcasting   | |  0.4
Invocations    | |  0.2

Action                     |  1- 3 |  4- 6 || total
---------------------------+-------+-------++-------
  Melee: Dagger            |    58 |    98 ||   156
  Throw: Dart              |     3 |       ||     3
    Use: Potion            |     1 |     4 ||     5
         Scroll            |       |     2 ||     2
   Stab: Sleeping          |    12 |     4 ||    16
 Armour: Robe              |    30 |    44 ||    74
         Skin              |     6 |     9 ||    15
  Dodge: Dodged            |    17 |    30 ||    47

Table legend: (Time is in decaauts)
 A = Elapsed time spent in this place.
 B = Non-inter-level travel time spent in this place.
 C = Inter-level travel time spent in this place.
 D = Time resting spent in this place.
 E = Time spent auto-exploring this place.
 F = Levels seen in this place.
 G = Mean time per level.
                   A        B        C        D        E       F      G
               +--------+--------+--------+--------+--------+-----+--------+
         Total |   1875 |   1785 |     90 |    157 |   1203 |   3 |  625.0 |
       Dungeon |   1875 |   1785 |     90 |    157 |   1203 |   3 |  625.0 |
               +--------+--------+--------+--------+--------+-----+--------+

Top non-repeatable levels by time:
     D:2: 1065 daAuts
     D:1: 559 daAuts
     D:3: 251 daAuts
